woodfighter, lawful female giant Samurai --- ---- --- --.-- ------ |..| |.-- |...-----------....---------- --..---- |..------- ---- |.........^.................| |....|.-- --...|.|..| ---..| ---- --...........--.-------...|.-- |.--....| |.........---- --....| --..---- --....).%.....|.| --....|..-- --.|---..| --...........-----..-.-----......#--.....^%........| |......-..| --..| --.| |....-.......................--....-...----.......| |......^..| |..-- --.| |..................----#----------........|....>..| --......U@----.-- --..| |..........--------- --------.........-- |....|.|......-- |..-- --......---- |..----.......-- --.-----------..| |..| |.....-- ---- |...--.........|--..| |.-- |..| |.....| |..| ---.....|.....-||..-- --- ---- |-....| -#.-- ---- --...------...|-.-- |.....-- ---.-| |..| --.....| --..|..| --..|...---....----..| ----...--.| --.^.--- |...|...........--..-- --......||.-------.....| --......--...........| |%......||.............| |.....-----..|.--.|.-- --....------------..---- --.---- ----------- --.--- ---- --- --- woodfighter the Samurai Experience level: 9 Strength: 18/01 Dexterity: 15 Constitution: 19 Intelligence: 8 Wisdom: 8 Charisma: 8 Health: 0(86) Energy: 35(35) Def: 17 Gold: 0 Moves: 9949 Dungeon seed [set]: Game ID: woodfighter_1679934642 Your Inventory: Amulets Y - an uncursed amulet of reflection (being worn) Weapons a - an uncursed +0 two-handed sword (weapon in hand) e - 7 blessed +2 shuriken (in quiver) j - 10 blessed +3 shuriken k - 7 blessed +1 shuriken Armor c - an uncursed +0 shield of reflection (being worn) y - an uncursed +2 dented pot (being worn) T - an uncursed +0 pair of elven boots (being worn) X - an uncursed +0 pair of gauntlets of power Comestibles i - 4 uncursed gunyoki Z - an uncursed lizard corpse Wands d - an uncursed wand of fire (0:5) f - an uncursed wand of teleportation (0:7) Tools b - an uncursed stethoscope m - a blessed magic lamp (lit) s - an uncursed bag of holding t - an uncursed +0 pick-axe (alternate weapon; not wielded) v - an uncursed kaban L - an uncursed bag of holding W - an uncursed towel Gems N - an uncursed luckstone Boulders/Statues o - an uncursed boulder w - an uncursed boulder G - an uncursed boulder J - an uncursed boulder K - an uncursed boulder S - an uncursed boulder U - an uncursed boulder V - an uncursed boulder Contents of the bag of holding: 2 uncursed eucalyptus leaves 3 uncursed sprigs of wolfsbane Spells and supernatural/magical abilities: Name Level Category Fail Memory W - pray for help -- divine ? -- Your skills at the end: Miscellaneous Skills martial arts [Basic] shield [Skilled] wands [Basic] Weapon Skills short sword [Basic] two-handed sword [Skilled] katana [Basic] bow [Basic] sling [Basic] shuriken [Basic] Spellcasting Skills Final Attributes: You were stridently aligned. You were poison resistant. Your writing hand was ok. You were telepathic. You had infravision. You were stealthy. You were fast. You had reflection. You were lucky. You had extra luck. Bad luck did not time out for you. Good luck did not time out for you. You are dead. Vanquished creatures: a hell hound 2 black puddings a ghost 2 giant mimics 2 large mimics a stalker a quantum mechanic a small mimic a wood golem a flaming sphere a tiger a dwarf king a chameleon an elf mummy a Grey-elf 2 leather golems a wolf a winter wolf cub a leprechaun a lizard an orc-captain 2 giant spiders a forest centaur 3 gnome kings a gold golem a dwarf lord 2 blue jellies 2 water nymphs a dust vortex a plains centaur a Woodland-elf 2 fire ants 2 bugbears 2 imps a baby crocodile 6 wood nymphs 2 Mordor orcs an orc shaman a rock piercer 3 ponies a fog cloud a shrieker 2 violet fungi 14 gnome lords 5 gnomish wizards a red naga hatchling a black naga hatchling a golden naga hatchling an elf zombie a straw golem a paper golem 2 giant ants 2 floating eyes a kitten 6 dwarves 4 homunculi 2 kobold shamans 2 iguanas 17 hill orcs a rothe a centipede a jitterbug 7 monkeys 2 orc zombies 3 dwarf zombies 3 killer bees a gas spore a hobbit 2 acid blobs 4 large kobolds 2 geckos 3 hobgoblins 4 giant rats 2 cave spiders a brown mold a yellow mold 3 red molds 67 gnomes 20 garter snakes 3 gnome zombies 9 jackals 3 kobolds 8 newts 6 goblins 7 sewer rats 18 grid bugs a bat 8 lichens 3 kobold zombies 320 creatures vanquished. Voluntary challenges: You did not cause conflict. You were not displaced. You had been an atheist until turn 3171. You did not donate to any temples.. You used a wielded weapon 539 times, starting on turn 2. You did not apply a unicorn horn. You did not use plumbed fixtures. You did not drink any magical draughts. You read items or engraved 3 times, starting on turn 3170. You never genocided any monsters. You never polymorphed an object. You changed form 1 time, starting on turn 7578. You cheated 1 time but completed Sokoban on turn 5128. You used no wishes. You did not use any artifacts. You never split a pudding. You never wrote Elbereth's name. You never violated bushido. You enabled loading special bones files. Dungeon overview: The Dungeons of Doom: levels 1 to 7 Level 1 a vault a long staircase Level 2 some fountains Level 3 (box) stairs to The Gnomish Mines Level 4 a potion shop, some fountains, a sink Level 5 many fountains Level 6 a fountain stairs to Sokoban Level 7 (box) The Gnomish Mines: levels 4 to 12 Level 4 stairs to The Dungeons of Doom Level 5 Level 6 Level 7 many shops, a temple to Amaterasu Omikami, a magic chest, some fountains, a sink Level 8 Level 9 Level 10 <- You were here Level 11 (box) Level 12 a fountain Sokoban: levels 2 to 5 Level 2 a magic chest Level 3 Level 4 Level 5 an altar to Raijin, a magic chest stairs to The Dungeons of Doom History has recorded: On T:1 you entered the Dungeons of Doom to retrieve the Amulet of Yendor! On T:89 you reached level 2 of The Dungeons of Doom. On T:419 you reached level 3 of The Dungeons of Doom. On T:656 you advanced to experience level 2. On T:691 you reached level 4 of The Dungeons of Doom. On T:759 you advanced to experience level 3. On T:781 you reached level 1 of The Gnomish Mines. On T:1142 you advanced to experience level 4. On T:1167 you advanced to experience level 5. On T:1225 you advanced to experience level 6. On T:1587 you reached level 5 of The Dungeons of Doom. On T:2066 you reached level 6 of The Dungeons of Doom. On T:2442 you reached level 4 of Sokoban. On T:2456 you advanced to experience level 7. On T:2691 you reached level 7 of The Dungeons of Doom. On T:3166 you opened a magic chest. On T:3420 you reached level 3 of Sokoban. On T:3857 you reached level 2 of Sokoban. On T:4280 you reached level 1 of Sokoban. On T:4803 you advanced to experience level 8. On T:5128 you entered the Sokoban zoo. On T:5806 you reached level 2 of The Gnomish Mines. On T:6001 you reached level 3 of The Gnomish Mines. On T:6386 you reached level 4 of The Gnomish Mines. On T:7003 you entered the Minetown temple On T:7139 you reached level 5 of The Gnomish Mines. On T:7469 you advanced to experience level 9. On T:7633 you reached level 6 of The Gnomish Mines. On T:7732 you reached level 7 of The Gnomish Mines. On T:8315 you reached level 8 of The Gnomish Mines. On T:8848 you reached level 9 of The Gnomish Mines. On T:8848 you reached the bottom of the Mines. Score breakdown: Gold: 0 ( 0 points) Experience: 9 levels ( 800 points) Exploration: 12 levels ( 330 points) Discoveries: 20 items ( 1000 points) Variety of kills: 89 monsters ( 2000 points) Major goal: Sokoban/Mines ( 1500 points) Survival: died (score multiplied by 3) Total score: 16890 Latest messages: A board beneath the dire bear squeaks loudly. You are beginning to feel hungry. You stop searching. That food really hit the spot! You finish eating the gunyoki. You stop searching. (2x) The jackal bites! You kill the jackal! You see here a sling. You finish searching. You don't have that object. Status of the dire bear (neutral): Level 12 HP 47(47) Def 10. You slash the dire bear! The dire bear mauls you! (2x) The dire bear bites! The dire bear mauls you! (2x) The dire bear bites! The dire bear's bite was poisoned, but it doesn't affect you. You die... The kaban is empty. The bag of holding is empty. The kaban is empty. The bag of holding is empty. Final status: Sayonara woodfighter the Samurai, killed by a dire bear... You died in The Gnomish Mines on dungeon level 10 with 16890 points, and 0 pieces of gold, after 9949 moves. You were level 9 with a maximum of 86 hit points when you died.